 Dungeon Crawl Stone Soup version 0.30.1-11-g7821555f0a (webtiles) character file.

Game seed: 7649255689824735716

1201 Scypho the Cleaver (level 8, -13/64 HPs)
             Began as a Minotaur Fighter on Dec 1, 2023.
             Was an Initiate of Okawaru.
             Mangled by an orc warrior
             ... wielding a +0 glaive
              (19 damage)
             ... on level 6 of the Dungeon.
             The game lasted 00:09:57 (4596 turns).

Scypho the Cleaver (Minotaur Fighter)               Turns: 4596, Time: 00:09:58

Health: -13/64     AC:  6    Str: 21    XL:     8   Next: 21%
Magic:  7/7        EV:  9    Int:  5    God:    Okawaru [......]
Gold:   196        SH: 10    Dex: 12    Spells: 7/7 levels left

rFire   . . .        a - +0 war axe (drain)
rCold   . . .        c - +1 buckler
rNeg    + . .        b - +0 scale mail
rPois   .            (helmet restricted)
rElec   .            (no cloak)
rCorr   .            (no gloves)
SInv    .            (no boots)
Will    .....        C - amulet of reflection Stlth
                     e - ring of positive energy
HPRegen 0.30/turn    (no ring)
MPRegen 0.10/turn

%: reflection
@: mighty
A: horns 2, retaliatory headbutt
a: Renounce Religion


You were on level 6 of the Dungeon.
You worshipped Okawaru.
Okawaru was noncommittal.
You visited 1 branch of the dungeon, and saw 6 of its levels.

You collected 196 gold pieces.

Inventory:

Hand Weapons
 a - a +0 war axe of draining (weapon)
Missiles
 h - 3 boomerangs (quivered)
Armour
 b - a +0 scale mail (worn)
 c - a +1 buckler (worn)
Jewellery
 e - a ring of positive energy (left hand)
 C - an amulet of reflection (around neck)
Wands
 o - a wand of light (11)
 B - a wand of flame (6)
Scrolls
 i - a scroll of immolation {unknown}
 l - a scroll of enchant armour
 p - 2 scrolls of magic mapping {unknown}
 q - 3 scrolls of blinking {unknown}
 r - 2 scrolls of amnesia {unknown}
 s - 2 scrolls of teleportation {unknown}
 t - a scroll of torment {unknown}
 w - a scroll of fog {unknown}
 x - a scroll of summoning {unknown}
 y - 2 scrolls of enchant weapon {unknown}
 z - 2 scrolls of poison {unknown}
 A - 2 scrolls of fear {unknown}
Potions
 f - 3 potions of cancellation
 j - a potion of attraction {unknown}
 k - 2 potions of haste
 m - a potion of mutation {unknown}
 n - 4 potions of flight
 u - a potion of lignification {unknown}
 v - 2 potions of curing {unknown}


   Skills:
 - Level 3.6 Fighting
 + Level 11.9 Axes
 - Level 3.6 Armour
 - Level 3.6 Shields


You had 7 spell levels left.
You didn't know any spells.
Your spell library contained the following spells:

 Spells                   Type           Power      Damage    Failure   Level
 Apportation              Tloc           0%         N/A       87%         1
 Necrotise                Necr           0%         1d4       87%         1
 Inner Flame              Hex/Fire       0%         N/A       99%         3
 Portal Projectile        Hex/Tloc       0%         N/A       99%         3
 Vampiric Draining        Necr           0%         2d6       99%         3
 Agony                    Necr           0%         N/A       100%        5
 Alistair's Intoxication  Tmut/Pois      0%         N/A       100%        5
 Blade Hands              Tmut           0%         N/A       100%        5
 Yara's Violent Unravell  Hex/Tmut       0%         3d3       100%        5
 Enfeeble                 Hex            0%         N/A       100%        7
 Tukima's Dance           Hex            Unusable   N/A       N/A         3

Dungeon Overview and Level Annotations

Branches:
Dungeon (6/15)
 Temple: D:4-7

Altars:
Dithmenos
Fedhas
Okawaru
Vehumet
The Shining One

Annotations:
D:4 2 runed translucent doors, Okkudo's ghost, amateur HOMo
D:6 3 runed translucent doors, HorsePiss's ghost, novice MiFi


Innate Abilities, Weirdness & Mutations

You have a pair of horns on your head.
You reflexively headbutt those who attack you in melee.


Message History

You finish putting on your amulet of reflection.
You feel a shielding aura gather around you.
C - an amulet of reflection (around neck)
The orc warrior hits you from afar with a +0 glaive!
The orc warrior hits you with a +0 glaive!
You hit the orc warrior but do no damage.
The orc warrior hits you with a +0 glaive!
You hit the orc warrior but do no damage.
You block the orc warrior's attack.
You barely miss the orc warrior.
The orc warrior hits you with a +0 glaive!
* * * LOW HITPOINT WARNING * * *
You closely miss the orc warrior.
The orc warrior hits you with a +0 glaive!
* * * LOW HITPOINT WARNING * * *
You feel much better.
The orc warrior hits you with a +0 glaive!
* * * LOW HITPOINT WARNING * * *
You feel much better. You block the orc warrior's attack.
You barely miss the orc warrior. Your headbutt misses the orc warrior.
You block the orc warrior's attack.
You hit the orc warrior. You headbutt the orc warrior.
The orc warrior hits you with a +0 glaive!
* * * LOW HITPOINT WARNING * * *
You feel very mighty all of a sudden.
An orc comes into view. It is wielding a +0 hand axe.
The orc warrior hits you with a +0 glaive!
* * * LOW HITPOINT WARNING * * *
The orc shouts!
You hit the orc warrior. You headbutt the orc warrior!
Something shouts, "Scamper hence, thou bumbling ill-nurtured walking sirloin!"
You hear a shout!
The orc warrior hits you with a +0 glaive!
* * * LOW HITPOINT WARNING * * *
You closely miss the orc warrior.
The orc warrior hits you with a +0 glaive!
* * * LOW HITPOINT WARNING * * *
You feel mightier all of a sudden.
The orc warrior hits you with a +0 glaive!!
You die...

#.#..........................#
#..................#.........#
#.#......##.#.####.#.........#
#.....#..##.# ...# #.........#
#.#####..##.####.# #..........
#................#+#.........#
#.###...............#######.##
#.........).....# #.##
####..o.o@......# #..'
#.#########'## #### ...# #..
..?..' #+# ...o...# # .......#
# ........ ........


You could see an orc warrior and an orc.

Vanquished Creatures
  A water moccasin (D:4)
  2 black bears
  A sky beast (D:6)
  2 ogres (D:5)
  A phantom (D:6)
  A scorpion (D:5)
  2 hounds (D:4)
  2 orc priests
  A jelly (D:5)
  3 iguanas
  A sleepcap (D:5)
  2 orc wizards
  4 gnolls
  8 adders
  A shadow imp (D:5)
  A white imp (D:6)
  An ufetubus (D:5)
  3 worms
  8 orcs
  4 ball pythons
  6 endoplasms
  5 giant cockroaches
  7 hobgoblins
  4 jackals (D:1)
  7 kobolds
  3 quokkas (D:1)
  2 frilled lizards (D:2)
  5 goblins
  6 rats
94 creatures vanquished.

Notes
Turn   | Place    | Note
-------+----------+-------------------------------------------
     0 | D:1      | Scypho the Minotaur Fighter began the quest for the Orb.
     0 | D:1      | Reached XP level 1. HP: 19/19 MP: 0/0
   180 | D:1      | Reached skill level 3 in Axes
   235 | D:1      | Reached XP level 2. HP: 24/26 MP: 1/1
   323 | D:1      | Reached skill level 4 in Axes
   328 | D:1      | Reached XP level 3. HP: 18/31 MP: 2/2
  1295 | D:2      | Reached skill level 5 in Axes
  1526 | D:2      | Reached XP level 4. HP: 39/39 MP: 3/3
  1871 | D:3      | Found a blossoming altar of Fedhas.
  1990 | D:3      | Reached skill level 6 in Axes
  2048 | D:3      | Found a radiant altar of Vehumet.
  2227 | D:4      | Found a shadowy altar of Dithmenos.
  2366 | D:4      | Reached XP level 5. HP: 44/45 MP: 4/4
  2402 | D:4      | Reached skill level 7 in Axes
  2710 | D:4      | Reached XP level 6. HP: 51/51 MP: 5/5
  2800 | D:4      | Reached skill level 8 in Axes
  2810 | D:4      | Found a large runed translucent door.
  2810 | D:4      | Found a large runed translucent door.
  3032 | D:4      | Noticed a water moccasin
  3044 | D:4      | Killed a water moccasin
  3045 | D:4      | Reached skill level 9 in Axes
  3174 | D:4      | Noticed Okkudo's ghost (amateur HOMo)
  3454 | D:5      | Entered Level 5 of the Dungeon
  3460 | D:5      | Reached XP level 7. HP: 50/57 MP: 6/6
  3501 | D:5      | Found an iron altar of Okawaru.
  3510 | D:5      | Became a worshipper of Warmaster Okawaru
  3586 | D:5      | Reached skill level 10 in Axes
  3812 | D:5      | Reached skill level 11 in Axes
  3976 | D:5      | Found a glowing golden altar of the Shining One.
  4360 | D:6      | Reached XP level 8. HP: 58/64 MP: 7/7
  4529 | D:6      | Found a runed translucent gate.
  4529 | D:6      | Found a runed translucent gate.
  4529 | D:6      | Found a runed translucent gate.
  4531 | D:6      | Noticed HorsePiss's ghost (novice MiFi)
  4596 | D:6      | Mangled by an orc warrior

Illustrated notes

Levels and vault maps discovered:
D:1:      giann_wishing_wells, layout_basic
D:2:      layout_basic, st_stairs_6, minmay_strange_pillars
D:3:      layout_rooms, mainiacjoe_overflow_tiny_flanked,
          mainiacjoe_overflow_alcove_1, chequers_serial_rivers_room_b
D:4:      layout_basic, nicolae_dithmenos_shadow_blocks,
          ebering_ghost_disaster_area
D:5:      layout_cave_pools, nicolae_tso_carved_into_rock, lemuel_round_altar,
          minivault_5
D:6:      nicolae_cairo_tiling_large, layout_basic, general_overflow_altar,
          lemuel_crystal_altar, gammafunk_ghost_nasty_kobolds, hellmonk_no_cap

Skill      XL: |  1  2  3  4  5  6  7 |
---------------+----------------------+-----
Axes           | 3 4 5 6 7 9 11 | 11.9
Fighting       | |  3.6
Armour         | |  3.6
Shields        | |  3.6

Action                     |  1- 3 |  4- 6 |  7- 9 || total
---------------------------+-------+-------+-------++-------
  Melee: War axe           |    76 |    97 |    77 ||   250
         Headbutt          |    11 |     7 |    10 ||    28
    Use: Scroll            |     2 |     5 |       ||     7
         Potion            |       |       |     4 ||     4
 Armour: Scale mail        |    16 |    24 |    18 ||    58
  Dodge: Dodged            |    27 |    34 |    30 ||    91
  Block: Buckler           |    17 |    28 |    17 ||    62
